 Dungeon Crawl Stone Soup version 0.28-b1-25-g9875b3fc8c (webtiles) character file.

Game seed: 11092394788763828136

2362 croobank the Caller (level 9, -2/62 HPs)
             Began as a Vampire Summoner on Jan 31, 2022.
             Slain by a six-headed hydra (5 damage)
             ... on level 7 of the Dungeon.
             The game lasted 01:02:05 (7793 turns).

croobank the Caller (Vampire Summoner)              Turns: 7793, Time: 01:02:05

Health: -2/62      AC:  2    Str:  7    XL:     9   Next: 21%
Magic:  11/18      EV: 14    Int: 28    God:
Gold:   1308       SH:  0    Dex: 14    Spells: 0/20 levels left

rFire   . . .      SeeInvis +   A - +7 staff of the Meek {protect, meekguard}
rCold   . . .      Faith    .   (shield currently unavailable)
rNeg    . . .      Spirit   .   a - +0 robe
rPois   +          Reflect  .   (helmet currently unavailable)
rElec   .          Harm     .   (no cloak)
rCorr   .          Rampage  .   (no gloves)
Will    .....                   (boots currently unavailable)
Stlth   +++.......              (no amulet)
HPRegen 0.40/turn               f - ring of poison resistance
MPRegen 0.16/turn               v - +6 ring of intelligence

@: appendages (expiring), healing quickly, hasted, very quick
A: horns 2, talons 2, alive, fangs 3, see invisible, vampiric 2
a: Exsanguinate, End Transformation


You were on level 7 of the Dungeon.
You had temporarily grown beastly horns and talons.
You visited 1 branch of the dungeon, and saw 7 of its levels.
You also visited: Sewer.

You collected 1308 gold pieces.

Inventory:

Hand Weapons
 c - a +0 short sword
 j - a +1 dagger of flaming
 w - a +1 dagger of venom
 A - the +7 staff of the Meek (weapon) {protect, meekguard}
   (You found it on level 5 of the Dungeon)

   It grants its wielder temporary protection when it strikes (+7 to AC).
   It provides extra protection to wielders with little health.
Missiles
 b - 82 sling bullets
 d - 6 boomerangs
 e - 54 arrows
 h - 33 bolts
 m - 119 stones
 n - 13 curare-tipped darts (quivered)
 x - 4 boomerangs of dispersal
Armour
 a - a +0 robe (worn)
 g - a +0 leather armour
 k - a +2 helmet (melded)
 o - a +0 pair of boots (melded)
 t - a +3 plate armour of poison resistance
Jewellery
 f - a ring of poison resistance (left hand)
 v - a +6 ring of intelligence (right hand)
 y - a ring of protection from cold
 F - a ring of willpower
Wands
 p - a wand of polymorph (3)
 u - a wand of flame (7)
Scrolls
 i - a scroll of identify
 s - a scroll of holy word
 B - a scroll of vulnerability
 C - 4 scrolls of fog
 D - a scroll of amnesia {unknown}
Potions
 q - 3 potions of heal wounds
 r - a potion of attraction
 z - a potion of curing
 E - 2 potions of cancellation {unknown}


   Skills:
 + Level 2.8 Fighting
 + Level 3.2 Short Blades
 + Level 2.8 Staves
 + Level 4.8 Dodging
 + Level 5.0 Stealth
 + Level 1.7 Unarmed Combat
 + Level 6.4 Spellcasting
 + Level 0.4 Hexes
 + Level 6.5 Summonings
 + Level 3.3 Transmutations
 + Level 1.2 Air Magic
 + Level 1.4 Poison Magic


You couldn't memorise any spells.
You knew the following spells:

 Your Spells              Type           Power      Damage    Failure   Level
a - Summon Small Mammal   Summ           100%       N/A       1%          1
b - Call Imp              Summ           45%        N/A       1%          2
c - Beastly Appendage     Tmut           54%        N/A       1%          1
d - Call Canine Familiar  Summ           45%        N/A       1%          3
e - Poisonous Vapours     Pois/Air       32%        N/A       4%          2
f - Spider Form           Tmut/Pois      22%        N/A       6%          3
g - Wereblood             Tmut           27%        N/A       2%          2
h - Summon Guardian Gole  Hex/Summ       28%        N/A       4%          3
i - Stone Arrow           Conj/Erth      18%        3d8       17%         3

Your spell library contained the following spells:

 Spells                   Type           Power      Damage    Failure   Level
 Passwall                 Tmut/Erth      15%        N/A       4%          2
 Sandblast                Erth           18%        2d7       6%          1
 Corpse Rot               Necr/Air       24%        N/A       7%          2
 Summon Lightning Spire   Summ/Air       30%        N/A       12%         4
 Iskenderun's Battlesphe  Conj           9%         2d6       85%         5
 Iron Shot                Conj/Erth      4%         9d2       100%        6
 Spellforged Servitor     Conj/Summ      13%        N/A       100%        7


Dungeon Overview and Level Annotations

Branches:
Dungeon (7/15)             Temple (0/1) D:6           Sewer (visited)

Altars:
Nemelex Xobeh
Ru
Beogh

Shops:
D:3 ([*


Innate Abilities, Weirdness & Mutations

You have temporarily grown beastly horns and talons.
Your natural rate of healing is accelerated.
You have razor-sharp teeth.
You have supernaturally acute eyesight. (SInv)
You are afflicted with vampirism and can become a bat while bloodless.


Message History

You claw the six-headed hydra.
The six-headed hydra is moderately wounded.
The six-headed hydra bites you. x2; The six-headed hydra bites you!
The six-headed hydra bites you but does no damage.
The six-headed hydra bites you!
The six-headed hydra bites you but does no damage.
A vampire mosquito comes into view.
The six-headed hydra bites you. The six-headed hydra bites you!
The six-headed hydra bites you but does no damage.
The six-headed hydra completely misses you.
The six-headed hydra closely misses you.
The six-headed hydra bites you but does no damage.
The seven-headed hydra bites your guardian golem!
The seven-headed hydra bites your guardian golem.
The seven-headed hydra bites your guardian golem but does no damage.
The seven-headed hydra bites your guardian golem! x2
Your guardian golem is destroyed!
Your guardian golem disappears in a puff of smoke!
Unknown command.
There are monsters nearby!
Unknown command.
Your crimson imp hits the wight but does no damage.
Your crimson imp blinks!
Unknown command.
Your transformation is almost over.
Items here: ( ))))))))) [.
You feel yourself speed up. The six-headed hydra bites you.
The six-headed hydra barely misses you. The six-headed hydra bites you.
The six-headed hydra barely misses you.
The six-headed hydra closely misses you.
The six-headed hydra barely misses you.
There is a stone staircase leading up here.
Okay, then.
Okay, then.
The six-headed hydra bites you.
* * * LOW HITPOINT WARNING * * *
The six-headed hydra barely misses you. The six-headed hydra bites you!
* * * LOW HITPOINT WARNING * * *
The six-headed hydra bites you.
You die...

#.....##.^....
#.....#...####
#.....##.'#.#. ###
#......###..#. ..#
#..........### #.#
##...........h #.#
##...........#
#.####..........#..
#.@.##..........###
###D##..........#
#y))..........#
###.D.........#
##.........##
..####.#z......###
#........#####...#
#####.......####.##
#####.#........


You could see a seven-headed hydra, a six-headed hydra, a vampire mosquito and a
wight.

Vanquished Creatures
  An unseen horror (D:5)
  A water moccasin (D:7)
  An orc warrior (D:5)
  A black bear (D:5)
  A centaur (D:6)
  A phantom (D:5)
  A kobold brigand (D:6)
  A bullfrog (Sewer)
  2 howler monkeys
  A jelly (D:4)
  3 orc priests
  An iguana (D:4)
  An orc wizard (D:6)
  9 adders
  A white imp (D:5)
  3 ufetubi
  4 worms
  2 dart slugs (D:3)
  15 orcs
  3 bats
  9 endoplasms
  4 giant cockroaches
  2 goblins
  9 hobgoblins
  8 kobolds
  8 quokkas
  9 ball pythons
  3 frilled lizards (Sewer)
  6 rats
111 creatures vanquished.

Vanquished Creatures (collateral kills)
  A cyclops (D:7)
  3 kobold brigands
  A scorpion (D:5)
  2 water moccasin skeletons
  A gnoll shaman (D:7)
  An orc priest (D:4)
  A centaur skeleton (D:7)
  2 orc wizards
  3 gnolls (D:7)
  3 adders
  A white imp (D:7)
  A worm (D:4)
  A dart slug (D:1)
  15 orcs
  3 ball pythons
  5 endoplasms
  5 giant cockroaches
  2 goblins
  4 hobgoblins
  A quokka (D:2)
  3 frilled lizards
  13 kobolds
  3 rats (D:1)
75 creatures vanquished.

Vanquished Creatures (others)
  3 plants (D:3)
3 creatures vanquished.

Grand Total: 189 creatures vanquished

Notes
Turn   | Place    | Note
-------+----------+-------------------------------------------
     0 | D:1      | croobank the Vampire Summoner began the quest for the Orb.
     0 | D:1      | Reached XP level 1. HP: 13/13 MP: 3/3
   238 | D:1      | Reached XP level 2. HP: 19/19 MP: 3/5
   241 | D:1      | Learned a level 2 spell: Call Imp
   795 | D:2      | Gained mutation: You are afflicted with vampirism and can
                  | become a bat while bloodless. [Vampire growth]
   795 | D:2      | Reached XP level 3. HP: 20/25 MP: 4/6
   839 | D:2      | Found a faded altar of an unknown god.
  1213 | D:2      | Learned a level 1 spell: Beastly Appendage
  1245 | D:2      | Reached skill level 1 in Short Blades
  1245 | D:2      | Reached XP level 4. HP: 29/31 MP: 2/7
  2419 | D:3      | Found Plog's General Store.
  2540 | D:3      | Found Lyusulia's Armour Shop.
  2543 | D:3      | Identified a scroll of acquirement
  2543 | D:3      | Acquired 1009 gold pieces
  2568 | D:3      | Reached skill level 1 in Fighting
  2759 | D:3      | Learned a level 3 spell: Call Canine Familiar
  3300 | D:3      | Found Doisamy's Weapon Emporium.
  3410 | D:4      | Reached skill level 5 in Summonings
  3410 | D:4      | Reached XP level 5. HP: 36/37 MP: 6/9
  3515 | D:5      | Entered Level 5 of the Dungeon
  3572 | D:4      | Found a sacrificial altar of Ru.
  3596 | D:4      | Reached skill level 1 in Transmutations
  3624 | D:4      | Reached XP level 6. HP: 43/43 MP: 5/11
  4046 | D:4      | Found a glowing drain.
  4066 | Sewer    | Entered a sewer
  4297 | Sewer    | Reached XP level 7. HP: 41/48 MP: 11/13
  4451 | D:5      | Noticed an unseen horror
  4628 | D:4      | HP: 2/48 [poisoned by a scorpion]
  4898 | D:5      | HP: 2/49 [unseen horror (7)]
  5185 | D:4      | Learned a level 2 spell: Poisonous Vapours
  5330 | D:4      | Learned a level 3 spell: Spider Form
  5448 | D:5      | Killed an unseen horror
  5449 | D:5      | Reached skill level 5 in Spellcasting
  5665 | D:5      | Reached XP level 8. HP: 56/56 MP: 15/15
  5719 | D:5      | Found the +7 staff of the Meek {protect, meekguard}
  5905 | D:6      | Reached skill level 1 in Unarmed Combat
  6458 | D:5      | Learned a level 2 spell: Wereblood
  6462 | D:5      | Learned a level 3 spell: Summon Guardian Golem
  6583 | D:6      | Reached skill level 1 in Staves
  6718 | D:6      | Found a staircase to the Ecumenical Temple.
  7245 | D:7      | Reached skill level 1 in Poison Magic
  7346 | D:7      | Reached skill level 1 in Air Magic
  7412 | D:7      | Found a sparkling altar of Nemelex Xobeh.
  7552 | D:7      | Reached XP level 9. HP: 43/62 MP: 12/18
  7556 | D:7      | Learned a level 3 spell: Stone Arrow
  7622 | D:7      | Noticed a cyclops
  7633 | D:7      | Killed a cyclops
  7634 | D:7      | Reached skill level 5 in Stealth
  7758 | D:7      | Noticed a six-headed hydra
  7768 | D:7      | Noticed a seven-headed hydra
  7793 | D:7      | HP: 3/62 [six-headed hydra (11)]
  7793 | D:7      | Slain by a six-headed hydra

Illustrated notes

Levels and vault maps discovered:
D:1:      dpeg_arrival_ternary, layout_basic, serial_rivers,
          chequers_serial_rivers_micro_d, chequers_serial_rivers_micro_d,
          chequers_serial_rivers_micro_c, chequers_serial_rivers_small_b,
          chequers_serial_rivers_small_3, due_unseen_surprise
D:2:      layout_basic, shapermc_ecumenical_altar_mp_highgroup,
          hangedman_decor_slide_cut
D:3:      layout_basic, serial_forest, infiniplex_forest_clump_double,
          infiniplex_forest_corner_1, infiniplex_forest_clump_diagonal,
          infiniplex_forest_clump_cross, infiniplex_forest_clump_long,
          infiniplex_forest_lined_4_way, infiniplex_forest_pool,
          infiniplex_forest_clump_small, infiniplex_forest_straight_1,
          serial_shops, nicolae_square_shop, nicolae_shop_statue_plus, shop,
          minivault_23, minivault_5, st_stairs_2
D:4:      layout_rooms, nicolae_ru_path_of_blood, cheibrodos_sewer_entry_bend
D:5:      layout_basic, pf_guarded_unrand_meek
D:6:      cheibrodos_thug_alley, layout_basic, temple_fountains
D:7:      minmay_cornered_nines, layout_rooms, nicolae_overflow_hidden_temple,
          nemelex_spade_bored_becter

Skill      XL: |  1  2  3  4  5  6  7  8  9 |
---------------+----------------------------+-----
Short Blades   | 1 2 3 |  3.2
Fighting       | 1 2 |  2.8
Summonings     | 5 6 |  6.5
Spellcasting   | 3 4 5 6 |  6.4
Transmutations | 1 2 3 |  3.3
Dodging        | 3 4 |  4.8
Stealth        | 4 5 |  5.0
Unarmed Combat | 1 |  1.7
Staves         | 2 |  2.8
Poison Magic   | 1 |  1.4
Air Magic      | 1 |  1.2
Hexes          | |  0.4

Action                   |  1- 3 |  4- 6 |  7- 9 || total
-------------------------+-------+-------+-------++-------
Melee: Short sword       |    66 |   100 |       ||   166
       Bite              |     3 |    22 |    14 ||    39
       Kick              |       |    32 |    30 ||    62
       Headbutt          |       |    14 |    16 ||    30
       Punch             |       |     2 |     3 ||     5
       Dagger            |       |   109 |   106 ||   215
       Unarmed           |       |       |    45 ||    45
       Quarterstaff      |       |       |    42 ||    42
 Cast: Summon Small Mamm |    24 |    26 |    14 ||    64
       Call Imp          |     7 |     7 |    11 ||    25
       Beastly Appendage |     1 |    30 |    19 ||    50
       Call Canine Famil |       |     7 |    19 ||    26
       Poisonous Vapours |       |       |    12 ||    12
       Spider Form       |       |       |     4 ||     4
       Summon Guardian G |       |       |     5 ||     5
       Wereblood         |       |       |     1 ||     1
       Stone Arrow       |       |       |     1 ||     1
  Use: Potion            |     1 |     2 |     1 ||     4
       Scroll            |       |     9 |     9 ||    18
 Stab: Sleeping          |     1 |     1 |     3 ||     5
       Distracted        |       |     2 |     1 ||     3
Armor: Robe              |    15 |    48 |    29 ||    92
       Skin              |       |       |     1 ||     1
Dodge: Dodged            |    55 |   145 |   149 ||   349
